 Dungeon Crawl Stone Soup version 0.27.1-1-g398f81649c (webtiles) character file.

Game seed: 1122350280582539341

25 Descartes the Grasshopper (level 2, -1/13 HPs)
             Began as a Felid Wanderer on Sept 11, 2021.
             Slain by a jackal (2 damage)
             ... on level 1 of the Dungeon.
             The game lasted 00:01:35 (848 turns).

Descartes the Grasshopper (Felid Wanderer)           Turns: 848, Time: 00:01:35

Health: -1/13      AC:  1    Str:  7    XL:     2   Next: 82%
Magic:  3/3        EV: 16    Int: 14    God:
Gold:   11         SH:  0    Dex: 15    Spells: 1/1 levels left
                                        Lives:  0   Deaths: 0

rFire    . . .     SeeInvis +     - Unarmed
rCold    . . .     Faith    .   (shield unavailable)
rNeg     . . .     Spirit   .   (armour unavailable)
rPois    .         Reflect  .   (helmet unavailable)
rElec    .         Harm     .   (cloak unavailable)
rCorr    .         Rampage  .   (gloves unavailable)
Will     .....                  (boots unavailable)
Stlth    ++........             (no amulet)
HPRegen  0.04/turn              (no ring)
MPRegen  0.08/turn              (no ring)

@: quick
A: very small, claws 1, fangs 3, see invisible, speed 1, shaggy fur 1, stealthy
paws, no weapons or thrown items, no armour, multi-lived
a: no special abilities


You were on level 1 of the Dungeon.
You visited 1 branch of the dungeon, and saw 1 of its levels.

You collected 11 gold pieces.

Inventory:

Scrolls
 d - a scroll of amnesia {unknown}
Potions
 a - a potion of curing
 b - a potion of lignification
 c - a potion of degeneration {unknown}
 e - a potion of might {unknown}


   Skills:
 - Level 2.0 Fighting
 + Level 1.4 Dodging
 + Level 3.3 Stealth
 + Level 3.3 Unarmed Combat
 + Level 4.8 Translocations


You had one spell level left.
You didn't know any spells.
Your spell library contained the following spells:

 Spells                   Type           Power      Damage    Failure   Level
 Blink                    Tloc           N/A        N/A       6%          2
 Gell's Gravitas          Tloc           6%         N/A       12%         3
 Lesser Beckoning         Tloc           6%         N/A       12%         3
 Teleport Other           Tloc           13%        N/A       12%         3
 Manifold Assault         Tloc           13%        N/A       73%         5


Dungeon Overview and Level Annotations

Branches:
Dungeon (1/15)

Altars:


Innate Abilities, Weirdness & Mutations

You have sharp claws.
You have razor-sharp teeth.
You have supernaturally acute eyesight. (SInv)
You cover ground quickly. (Speed+)
You are covered in fur. (AC +1)
Your paws help you pounce on unaware monsters.
You are incapable of wielding weapons or throwing items.
You cannot wear armour.
You gain extra lives every three experience levels.


Message History

You are too injured to fight recklessly!
You are too injured to fight recklessly!
You are too injured to fight recklessly!
The ball python's grasp on you weakens, but your attempt to escape fails.
The jackal closely misses you. The ball python bites you.
* * * LOW HITPOINT WARNING * * *
The ball python constricts you. The jackal closely misses you. x2
You escape the ball python's grasp.
Unknown command.
The jackal bites you but does no damage.
The jackal completely misses you.
You scratch the jackal. Your bite misses the jackal.
The jackal is lightly wounded.
The jackal barely misses you.
You closely miss the jackal.
The jackal is lightly wounded.
The jackal completely misses you.
You closely miss the jackal.
The jackal is lightly wounded.
The jackal misses you. The jackal closely misses you.
You barely miss the jackal.
The jackal is lightly wounded.
The jackal completely misses you.
You scratch the jackal.
The jackal is severely wounded.
The jackal misses you.
You scratch the jackal.
The jackal is almost dead.
The jackal bites you but does no damage.
The jackal bites you.
* * * LOW HITPOINT WARNING * * *
You miss the jackal.
The jackal is almost dead.
The jackal closely misses you.
You scratch the jackal.
You kill the jackal!
The jackal bites you but does no damage.
The jackal barely misses you. The jackal bites you.
You die...

#. ...#.....# #.##...).####
#.. #.#.....#. ##.##.........
#... #.......#. #>..'.###.####
#....###.....#. #####.# #.#
#............#. #.# #.#
###.....##.########.# #.####
#.######.#........# #.....
#.#......#.##########.....
#........@.# #...........
#######^#####.h####.#####.....
................S....g..####..
######.........####.###.# #..
#..†........#......#.# #..
#.#.........####.###S# #..
#.##.######..).....#.####..
#...........####.#.#.g.Sg..
####.######.# #.#.#.#.####


You could see a jackal and a ball python.

Vanquished Creatures
  A dart slug (D:1)
  An endoplasm (D:1)
  A goblin (D:1)
  4 hobgoblins (D:1)
  4 jackals (D:1)
  A kobold (D:1)
  A quokka (D:1)
  3 ball pythons (D:1)
  2 bats (D:1)
  2 rats (D:1)
20 creatures vanquished.

Notes
Turn   | Place    | Note
-------+----------+-------------------------------------------
     0 | D:1      | Descartes the Felid Wanderer began the quest for the Orb.
     0 | D:1      | Descartes set off with the following items: a potion of
                  | curing, a potion of lignification; and the following spells
                  | available to memorise: Blink, Gell's Gravitas, Lesser
                  | Beckoning, Teleport Other, Manifold Assault
     0 | D:1      | Reached XP level 1. HP: 9/9 MP: 2/2
   291 | D:1      | Reached skill level 1 in Dodging
   291 | D:1      | Reached XP level 2. HP: 13/13 MP: 3/3
   848 | D:1      | Slain by a jackal

Illustrated notes

Levels and vault maps discovered:
D:1:      amcnicky_arrival_choice, layout_basic,
          shapermc_ecumenical_altar_mp_highgroup, chequers_avenue

Skill      XL: |  1 |
---------------+----+-----
Stealth        | 3 |  3.3
Dodging        | 1 |  1.4
Fighting       | |  2.0
Unarmed Combat | |  3.3
Translocations | |  4.8

Action                   || total
-------------------------++-------
Melee: Unarmed           ||    55
       Bite              ||     2
 Stab: Sleeping          ||     6
Armor: Skin              ||     5
Dodge: Dodged            ||    56
